 Dungeon Crawl Stone Soup version 0.21-a0-215-g0631661 (webtiles) character file.

23 Kidiri the Magician (level 2, 0/15 HPs)
             Began as a Deep Elf Fire Elementalist on Aug 22, 2017.
             Slain by a leopard gecko (5 damage)
             ... on level 1 of the Dungeon.
             The game lasted 00:03:10 (718 turns).

Kidiri the Magician (Deep Elf Fire Elementalist)     Turns: 718, Time: 00:03:12

Health: 0/15       AC: -1    Str:  5    XL:     2   Next: 72%
Magic:  1/9        EV: 13    Int: 19    God:
Gold:   35         SH:  0    Dex: 15    Spells: 6/9 levels left

rFire    . . .     SeeInvis .   d - +1 dagger
rCold    . . .     Gourm    .   (no shield)
rNeg     . . .     Faith    .   a - +0 robe
rPois    .         Spirit   .   (no helmet)
rElec    .         Reflect  .   (no cloak)
rCorr    .         Harm     .   (no gloves)
MR       .....                  (no boots)
Stlth    ++........             (no amulet)
HPRegen  0.05/turn              e - -3 ring of protection (curse)
MPRegen  0.11/turn              (no ring)

@: no status effects
A: no striking features
a: no special abilities


You were on level 1 of the Dungeon.
You were not hungry.

You visited 1 branch of the dungeon, and saw 2 of its levels.

You collected 35 gold pieces.

Inventory:

Hand Weapons
 d - a +1 dagger (weapon)
Armour
 a - a +0 robe (worn)
Jewellery
 e - a cursed -3 ring of protection (left hand)
Books
 b - a book of Flames

   Spells                             Type                      Level
   a - Flame Tongue                   Conjuration/Fire             1
   b - Throw Flame                    Conjuration/Fire             2
   c - Conjure Flame                  Conjuration/Fire             3
   d - Inner Flame                    Hexes/Fire                   3
   e - Sticky Flame                   Conjuration/Fire             4
   f - Fireball                       Conjuration/Fire             5
Comestibles
 c - a bread ration
 f - 7 chunks of flesh
 g - a meat ration


   Skills:
 - Level 2.4 Dodging
 - Level 2.4 Stealth
 * Level 4.0 Spellcasting
 + Level 1.5 Conjurations
 + Level 3.5 Fire Magic


You had 6 spell levels left.
You knew the following spells:

 Your Spells              Type           Power        Failure   Level  Hunger
a - Flame Tongue          Conj/Fire      ##...        4%          1    None
b - Throw Flame           Conj/Fire      ##....       7%          2    ##.....


Dungeon Overview and Level Annotations

Branches:
Dungeon (2/15)

Altars:


Message History

The flame tongue hits the leopard gecko.
The leopard gecko is moderately wounded.
The leopard gecko bites you.
Casting: Flame Tongue
Confirm with . or Enter, or press ? or * to list all spells.
Aiming: Flame Tongue
Press: ? - help, Shift-Dir - straight line, f/p - leopard gecko
Aim: a leopard gecko (moderately wounded)
The flame tongue hits the leopard gecko.
The leopard gecko is almost dead.
The leopard gecko completely misses you.
The leopard gecko barely misses you.
Casting: Flame Tongue
Confirm with . or Enter, or press ? or * to list all spells.
Aiming: Flame Tongue
Press: ? - help, Shift-Dir - straight line, f/p - leopard gecko
Aim: a leopard gecko (almost dead)
The flame tongue misses the leopard gecko.
The leopard gecko bites you.
You die...

#.......#....##.....##
#.[....###...###...##.
#...... #.#..........
#..#..####.#..........
.###..............[.....
.........##.###.........
###..$.###.............
###.[##...##.........
#...@................
#...l..####..........
#...?..# ##.......##
#......# #####.....
.......## #.....
.........# ###...
.........# #...
.........# ...
........## ...


You could see a leopard gecko.

Vanquished Creatures
  3 dart slugs (D:1)
  2 bats (D:1)
  A giant cockroach (D:1)
  A goblin (D:1)
  A hobgoblin (D:1)
  3 kobolds (D:1)
  A ball python (D:1)
  2 frilled lizards (D:1)
  4 rats (D:1)
18 creatures vanquished.

Notes
Turn   | Place    | Note
-------+----------+-------------------------------------------
     0 | D:1      | Kidiri the Deep Elf Fire Elementalist began the quest for the Orb.
     0 | D:1      | Reached XP level 1. HP: 10/10 MP: 6/6
   244 | D:1      | Reached XP level 2. HP: 15/15 MP: 6/8
   399 | D:2      | Learned a level 2 spell: Throw Flame
   662 | D:1      | Reached skill level 4 in Spellcasting
   718 | D:1      | Slain by a leopard gecko

Vault maps used:
D:1:      dpeg_arrival_arbitrary_b
D:2:      old_standard_altar

Skill      XL: |  1  2 |
---------------+-------+-----
Spellcasting   | 4 |  4.0
Dodging        | |  2.4
Stealth        | |  2.4
Conjurations   | |  1.5
Fire Magic     | |  3.5

Action                   || total
-------------------------++-------
Melee: Dagger            ||     5
 Cast: Flame Tongue      ||    38
       Throw Flame       ||     1
  Use: Scroll            ||     1
Armor: Robe              ||     2
Dodge: Dodged            ||    13

Table legend:
 A = Spawn XP
 B = Non-spawn XP
 C = Spawn XP percentage of total XP
 D = Spawn monster count
 E = Non-spawn monster count
 F = Spawn count percentage of total count
 G = Total turns spent on level
                    A         B        C        D         E        F      G
               +---------+---------+-------+---------+---------+-------+---------
         Total |       3 |      30 |   9.1 |       3 |      15 |  16.7 |   718
               +---------+---------+-------+---------+---------+-------+---------
           D:1 |       3 |      30 |   9.1 |       3 |      15 |  16.7 |   570
               +---------+---------+-------+---------+---------+-------+---------
